 Dungeon Crawl Stone Soup version 0.25-a0-667-gb977e01cb5 (webtiles) character file.

Game seed: 10168473285947059937, levelgen mode: deterministic

0 sanka the Magician (level 1, 0/7 HPs)
             Began as a Felid Wanderer on Mar 27, 2020.
             Slain by a hobgoblin
             ... wielding a +0 club
              (4 damage)
             ... on level 1 of the Dungeon.
             The game lasted 00:00:28 (108 turns).

sanka the Magician (Felid Wanderer)                  Turns: 108, Time: 00:00:28

Health: 0/7        AC:  1    Str:  6    XL:     1   Next: 8%
Magic:  5/5        EV: 15    Int: 14    God:
Gold:   0          SH:  0    Dex: 16    Spells: 5/6 levels left
                                        Lives:  0   Deaths: 0

rFire    . . .     SeeInvis +   (weapon unavailable)
rCold    . . .     Gourm    .   (shield unavailable)
rNeg     . . .     Faith    .   (armour unavailable)
rPois    .         Spirit   .   (helmet unavailable)
rElec    .         Reflect  .   (cloak unavailable)
rCorr    .         Harm     .   (gloves unavailable)
MR       .....                  (boots unavailable)
Stlth    ++........             (no amulet)
HPRegen  0.02/turn              (no ring)
MPRegen  0.09/turn              (no ring)

@: quick
A: very small, no armour, no weapons or thrown items, stealth, claws 1, fangs 3,
see invisible, carnivore, speed 1, shaggy fur 1, slow metabolism 1, sharp paws
a: no special abilities


You were on level 1 of the Dungeon.
You were not hungry.

You visited 1 branch of the dungeon, and saw 1 of its levels.


Innate Abilities, Weirdness & Mutations

You cannot wear armour.
You are incapable of wielding weapons or throwing items.
Your paws allow you to move quietly. (Stealth)
You have sharp claws.
You have razor-sharp teeth.
You have supernaturally acute eyesight. (SInv)
You are carnivorous and can eat meat at any time.
You cover ground quickly.
You are covered in fur. (AC +1)
You have a slow metabolism.
Your sharp claws are effective at attacking unaware monsters.


   Skills:
 - Level 1.3 Stealth
 + Level 0.2 Unarmed Combat
 - Level 3.0 Spellcasting
   Level 1.5 Hexes
   Level 2.4 Charms
   Level 1.0 Summonings
 - Level 1.0 Earth Magic
 - Level 1.1 Evocations


You had 5 spell levels left.
You knew the following spells:

 Your Spells              Type           Power        Failure   Level  Hunger
z - Sandblast             Erth           #.....       14%         1    #......

Your spell library contained the following spells:

 Spells                   Type           Power        Failure   Level  Hunger
 Passwall                 Tmut/Erth      #.......     26%         2    ##.....
 Corpse Rot               Necr/Air       N/A          32%         2    ##.....
 Sublimation of Blood     Necr           #.........   32%         2    ##.....
 Stone Arrow              Conj/Erth      #.....       45%         3    ###....
 Petrify                  Tmut/Erth      #.......     86%         4    #####..
 Lee's Rapid Deconstruct  Erth           #.........   98%         5    ######.

Inventory:

Wands
 c - a wand of random effects (15)
Comestibles
 d - a ration

Dungeon Overview and Level Annotations

Branches:
Dungeon (1/15)

Altars:
.rg

..K .. .. .▒
▒▒▒▒'▒▒▒
▒▒..g...▒
▒..h....▒
▒.......▒
▒†......▒
▒.......▒
▒.▒▒▒▒▒▒▒ ▒.▒
▒.▒ ▒.▒▒▒▒▒▒
▒▒▒▒▒▒.^....▒▒


You could see a hobgoblin, a goblin (wandering), a kobold (wandering) and a rat
(wandering).


Message History

The frilled lizard bites you.
You barely miss the frilled lizard. Your bite misses the frilled lizard.
The frilled lizard is heavily wounded.
The frilled lizard barely misses you.
You scratch the frilled lizard.
You kill the frilled lizard!
No target in view!
No target in view!
You start resting.
A hobgoblin opens the door.
It is wielding a +0 club.
A hobgoblin is nearby!
You catch the helpless hobgoblin completely off-guard!
You scratch the hobgoblin.
The hobgoblin is moderately wounded.
The hobgoblin misses you.
You scratch the hobgoblin.
The hobgoblin is heavily wounded.
The hobgoblin misses you.
You scratch the hobgoblin but do no damage.
The hobgoblin is heavily wounded.
The hobgoblin hits you with a +0 club.
You scratch the hobgoblin.
The hobgoblin is almost dead.
A kobold comes into view. It is wielding a +0 short sword.
A rat comes into view.
A goblin comes into view. It is wielding a +0 hand axe.
The hobgoblin hits you with a +0 club.
Ouch! That really hurt!
You die...

Action                   || total
-------------------------++-------
Melee: Unarmed           ||     8
 Stab: Distracted        ||     1
Dodge: Dodged            ||     4

Levels and vault maps discovered:
D:1:      dpeg_arrival_rooms_a, layout_basic, kennysheep_doodads

Notes
Turn   | Place    | Note
-------+----------+-------------------------------------------
     0 | D:1      | sanka the Felid Wanderer began the quest for the Orb.
     0 | D:1      | sanka set off with the following items: a wand of random
                  | effects (15), a ration; and the following spell memorised:
                  | Sandblast; and the following spells available to memorise:
                  | Passwall, Corpse Rot, Sublimation of Blood, Stone Arrow,
                  | Petrify, Lee's Rapid Deconstruction
     0 | D:1      | Reached XP level 1. HP: 7/7 MP: 5/5
   108 | D:1      | Slain by a hobgoblin

Vanquished Creatures
  A frilled lizard (D:1)
1 creature vanquished.
